 Dungeon Crawl Stone Soup version 0.29.1-13-g9f3cf754e1 (webtiles) character file.

Game seed: 12804576988437390990

65 Thatpatchoflichen the Trooper (level 4, -1/49 HPs)
             Began as an Ogre Monk on Jan 31, 2023.
             Slain by a crimson imp (2 damage)
             ... summoned by Natasha
             ... on level 2 of the Dungeon.
             The game lasted 00:01:45 (874 turns).

Thatpatchoflichen the Trooper (Ogre Monk)            Turns: 874, Time: 00:01:47

Health: -1/49      AC:  3    Str: 17    XL:     4   Next: 14%
Magic:  4/4        EV: 10    Int: 11    God:
Gold:   80         SH:  0    Dex: 11    Spells: 3/3 levels left

rFire   . . .      SeeInvis .   h - +0 flail
rCold   . . .      Faith    .   (no shield)
rNeg    . . .      Spirit   .   b - +0 robe
rPois   .          Reflect  .   (helmet restricted)
rElec   .          Harm     .   (no cloak)
rCorr   .          Rampage  .   (gloves unavailable)
Will    .....                   (boots unavailable)
Stlth   ++........              f - amulet of regeneration
HPRegen 0.96/turn               (no ring)
MPRegen 0.09/turn               (no ring)

@: slowed, very slow
A: large, unfitting armour, tough skin 1
a: no special abilities


You were on level 2 of the Dungeon.
You visited 1 branch of the dungeon, and saw 2 of its levels.

You collected 80 gold pieces.

Inventory:

Hand Weapons
 a - a +0 mace
 h - a +0 flail (weapon)
Armour
 b - a +0 robe (worn)
Jewellery
 f - an amulet of regeneration (around neck)
Wands
 i - a wand of roots (11)
Scrolls
 e - 2 scrolls of identify {unknown}
 g - a scroll of fear {unknown}
Potions
 c - a potion of ambrosia
 d - a potion of heal wounds {unknown}


   Skills:
 + Level 4.9 Fighting
 + Level 3.3 Maces & Flails
 + Level 3.3 Dodging
 - Level 1.4 Stealth


You had 3 spell levels left.
You didn't know any spells.
Your spell library was empty.

Dungeon Overview and Level Annotations

Branches:
Dungeon (2/15)

Altars:

Annotations:
D:2 Natasha


Innate Abilities, Weirdness & Mutations

You are too large for most types of armour.
You have tough skin. (AC +1)


Message History

You hit Natasha but do no damage. Natasha casts a spell at you.
The magic dart hits you.
* * * LOW HITPOINT WARNING * * *
You thump Natasha!
Natasha is heavily wounded.
Natasha casts a spell at you. You resist with some effort. Natasha misses you.
You hit Natasha but do no damage.
Natasha is heavily wounded.
Natasha barely misses you.
Natasha casts a spell.
You miss Natasha.
Natasha is heavily wounded.
Natasha claws you.
* * * LOW HITPOINT WARNING * * *
The crimson imp shouts, "Decamp, thou bawdy beetle-headed reprobate!"
Natasha claws you.
* * * LOW HITPOINT WARNING * * *
You barely miss Natasha.
Natasha is heavily wounded.
Natasha casts a spell at you. You resist with some effort.
The crimson imp barely misses you. Natasha claws you.
* * * LOW HITPOINT WARNING * * *
You barely miss Natasha.
Natasha is heavily wounded.
The crimson imp shouts, "Slither hence, thou foppish weevil-witted minnow reeky!"
The crimson imp barely misses you. Natasha claws you!
* * * LOW HITPOINT WARNING * * *
The crimson imp closely misses you.
Natasha mumbles some strange words.
You completely miss Natasha.
Natasha is heavily wounded.
The crimson imp hits you.
* * * LOW HITPOINT WARNING * * *
Natasha howls an incantation.
You feel troubled. Natasha closely misses you. The crimson imp hits you.
You die...

##........# ##..#.####..
......### #..##.##
.........
#.###..#########........
...#^...).....##........
..............##......:.
..##..........#........#
..##............<.......
..##............@......#
..##...........5h5......
......##.#...#..........
..###..#.#8.♣###........
..# # ..#... .........
..## #..#♣.♣# ##.......
...###..# ... .###.#.
##†#...# ♣.♣# .. .#
#.†.# .. .


You could see Natasha, a crimson imp (summoned) and a white imp (summoned).

Vanquished Creatures
  Natasha (D:2)
  3 worms
  A dart slug (D:2)
  A ball python (D:1)
  2 endoplasms
  A giant cockroach (D:1)
  2 goblins (D:2)
  4 jackals (D:2)
  3 quokkas
  2 bats (D:1)
  7 frilled lizards (D:1)
  A kobold (D:1)
  3 rats
31 creatures vanquished.

Notes
Turn   | Place    | Note
-------+----------+-------------------------------------------
     0 | D:1      | Thatpatchoflichen the Ogre Monk began the quest for the
                  | Orb.
     0 | D:1      | Reached XP level 1. HP: 24/24 MP: 1/1
   406 | D:1      | Reached XP level 2. HP: 28/32 MP: 2/2
   750 | D:2      | Reached XP level 3. HP: 34/40 MP: 3/3
   845 | D:2      | Noticed Natasha
   854 | D:2      | Killed Natasha
   855 | D:2      | Reached XP level 4. HP: 37/49 MP: 4/4
   861 | D:2      | Noticed Natasha
   873 | D:2      | HP: 1/49 [Natasha (7)]
   874 | D:2      | Slain by a crimson imp

Illustrated notes

Levels and vault maps discovered:
D:1:      evilmike_arrival_crescent, layout_basic, minmay_lizard_pond
D:2:      layout_rooms, chequers_avenue, minmay_domino_2, uniq_natasha,
          uniq_jessica

Skill      XL: |  1  2 |
---------------+-------+-----
Dodging        | 3 |  3.3
Maces & Flails | 3 |  3.3
Fighting       | |  4.9
Stealth        | |  1.4

Action                   |  1- 3 |  4- 6 || total
-------------------------+-------+-------++-------
Melee: Mace              |    38 |       ||    38
       Flail             |    59 |    17 ||    76
 Stab: Sleeping          |     1 |       ||     1
Armor: Robe              |    45 |       ||    45
Dodge: Dodged            |    87 |    11 ||    98
